 Dungeon Crawl Stone Soup version 0.26-a0-712-ga5a9c9c9d0 (webtiles) character file.

Game seed: 171277173675624868

43 kae the Ruffian (level 3, -3/31 HPs)
             Began as a Naga Transmuter on Nov 4, 2020.
             Slain by a gnoll
             ... wielding a +0 spear
              (7 damage)
             ... on level 2 of the Dungeon.
             The game lasted 00:01:09 (1344 turns).

kae the Ruffian (Naga Transmuter)                   Turns: 1344, Time: 00:01:09

Health: -3/31      AC:  2    Str: 13    XL:     3   Next: 58%
Magic:  3/6        EV: 19    Int: 13    God:
Gold:   77         SH:  0    Dex: 16    Spells: 2/6 levels left

rFire    . . .     SeeInvis +     - Unarmed
rCold    . . .     Faith    .   (shield currently unavailable)
rNeg     . . .     Spirit   .   (armour currently unavailable)
rPois    x         Reflect  .   (helmet currently unavailable)
rElec    .         Harm     .   (cloak currently unavailable)
rCorr    .         Rampage  .   (gloves currently unavailable)
MR       .....                  (no barding)
Stlth    +.........             (no amulet)
HPRegen  0.10/turn              (no ring)
MPRegen  0.10/turn              (no ring)

@: mighty, spider-form (expiring), flying
A: tiny, see invisible, spit poison 1, AC +1
a: Spit Poison, End Transformation


You were on level 2 of the Dungeon.
You were a venomous arachnid creature.
You visited 1 branch of the dungeon, and saw 2 of its levels.

You collected 77 gold pieces.

Inventory:

Armour
 a - a +0 robe (melded)
 i - a +2 pair of gloves (melded)
Potions
 b - a potion of cancellation
 d - a potion of brilliance


   Skills:
 - Level 1.0 Fighting
 - Level 1.5 Dodging
 + Level 3.4 Unarmed Combat
 + Level 2.0 Spellcasting
 * Level 3.2 Transmutations
 * Level 0.9 Poison Magic


You had 2 spell levels left.
You knew the following spells:

 Your Spells              Type           Power        Failure   Level
a - Beastly Appendage     Tmut           #.....       19%         1
b - Spider Form           Tmut/Pois      #.........   54%         3

Your spell library contained the following spells:

 Spells                   Type           Power        Failure   Level
 Wereblood                Tmut           #.......     26%         2
 Ice Form                 Ice/Tmut       #.......     91%         4
 Blade Hands              Tmut           #.........   96%         5


Dungeon Overview and Level Annotations

Branches:
Dungeon (2/15)

Altars:


Innate Abilities, Weirdness & Mutations

You cannot wear boots.
((Your serpentine skin is tough. (AC +1)))
You have supernaturally acute eyesight. (SInv)
((Armour fits poorly on your strangely shaped body.))
((Your system is resistant to poisons. (rPois)))
((You cover ground very slowly.))
You can spit poison.


Message History

You turn into a venomous arachnid creature.
Your +2 pair of gloves melds into your body.
Your +0 robe melds into your body.
The hobgoblin closely misses you.
You hit the hobgoblin.
You kill the hobgoblin!
A goblin comes into view. It is wielding a +0 club.
The goblin shouts!
You hit the hobgoblin.
You kill the hobgoblin!
The gnoll hits you from afar with a +0 spear!
* * * LOW HITPOINT WARNING * * *
It was a potion of might.
You feel very mighty all of a sudden. The gnoll barely misses you.
It was a potion of flight.
You feel very buoyant.
You fly up into the air.
Your transformation is almost over.
The gnoll hits you from afar with a +0 spear!
You die...

#.# ...# #.# #.#
###.## ##.# #.#
#########..###.##
#.........#...##
##.##...#####.##
.....)..# #.#
##......# #.#
##.####..### #.#
#...#s..g..# #.#
#)####..# #.#
#g)..#..# #.#
#)..####...# #.#
#.## #.##.###.# #
#.. #.....# ##.
#..#### .# ...# .
#...#


You could see a gnoll and a goblin.

Vanquished Creatures
  2 adders (D:2)
  A worm (D:2)
  A leopard gecko (D:1)
  A ball python (D:1)
  A bat (D:2)
  2 hobgoblins (D:2)
  4 kobolds (D:1)
  A frilled lizard (D:1)
  3 goblins
  A quokka skeleton (D:2)
  6 rats
23 creatures vanquished.

Notes
Turn   | Place    | Note
-------+----------+-------------------------------------------
     0 | D:1      | kae the Naga Transmuter began the quest for the Orb.
     0 | D:1      | Reached XP level 1. HP: 18/18 MP: 3/3
   390 | D:1      | Reached XP level 2. HP: 24/25 MP: 3/5
  1023 | D:2      | Reached XP level 3. HP: 21/31 MP: 4/6
  1028 | D:2      | Learned a level 3 spell: Spider Form
  1344 | D:2      | Slain by a gnoll

Illustrated notes

Levels and vault maps discovered:
D:1:      wheals_arrival_linesprint, layout_basic, grunt_decor_mini_mirrors,
          grunt_decor_fettered
D:2:      layout_loops_ring, minmay_pentomino_pile, uniq_robin

Skill      XL: |  1  2 |
---------------+-------+-----
Transmutations | 3 |  3.2
Fighting       | |  1.0
Dodging        | |  1.5
Unarmed Combat | |  3.4
Spellcasting   | |  2.0
Poison Magic   | |  0.9

Action                   || total
-------------------------++-------
Melee: Unarmed           ||    57
       Headbutt          ||     8
       Punch             ||     1
 Cast: Beastly Appendage ||    14
       Spider Form       ||     1
 Abil: Spit Poison       ||    15
  Use: Scroll            ||     4
       Potion            ||     2
Armor: Robe              ||    11
Dodge: Dodged            ||    36

Table legend: (Time is in decaauts)
 A = Elapsed time spent in this place.
 B = Non-inter-level travel time spent in this place.
 C = Inter-level travel time spent in this place.
 D = Time resting spent in this place.
 E = Time spent auto-exploring this place.
 F = Levels seen in this place.
 G = Mean time per level.
                   A        B        C        D        E       F      G
               +--------+--------+--------+--------+--------+-----+--------+
         Total |   1587 |   1558 |     29 |      0 |   1344 |   2 |  793.5 |
       Dungeon |   1587 |   1558 |     29 |      0 |   1344 |   2 |  793.5 |
               +--------+--------+--------+--------+--------+-----+--------+

Top non-repeatable levels by time:
     D:1: 1114 daAuts
     D:2: 473 daAuts
